 Dungeon Crawl Stone Soup version 0.25-a0-523-g9afb2ee040 (webtiles) character file.

Game seed: 17012154593494808563, levelgen mode: deterministic

19397 Flugslaktarn the Cleaver (level 12, -1/100 HPs)
             Began as a Deep Dwarf Fighter on Feb 18, 2020.
             Was a Priest of Makhleb.
             Slain by a cyclops (23 damage)
             ... on level 13 of the Dungeon.
             The game lasted 00:09:18 (9198 turns).

Flugslaktarn the Cleaver (Deep Dwarf Fighter)       Turns: 9198, Time: 00:09:18

Health: -1/100     AC: 20    Str: 24 (27) XL:     12   Next: 36%
Magic:  21/21 (3)  EV:  7    Int:  3 (10) God:    Makhleb [***...]
Gold:   606        SH:  0    Dex: 16      Spells: 11/11 levels left

rFire    + . .     SeeInvis .   E - +6 battleaxe of Vengeance {flame, MR+ MP+9}
rCold    . . .     Gourm    .   (shield currently unavailable)
rNeg     . . .     Faith    .   g - +0 plate armour
rPois    .         Spirit   .   (no helmet)
rElec    .         Reflect  .   J - scarf {cloud immunity}
rCorr    .         Harm     +   j - +2 pair of gloves
MR       ++...                  v - +1 pair of boots
Stlth    ..........             n - amulet of harm
HPRegen  0.00/turn              r - ring "Qirio" {rF+ Str+3 Dex+4}
MPRegen  0.17/turn              F - ring of magical power

@: non-regenerating, drained
A: damage resistance, heal wounds, frail 1, sense surroundings 2, no potion heal
1, no regeneration
a: Heal Wounds, Minor Destruction, Lesser Servant of Makhleb, Renounce Religion


You were on level 13 of the Dungeon.
You worshipped Makhleb.
Makhleb was most pleased with you.
You were not hungry.

You visited 2 branches of the dungeon, and saw 14 of its levels.
You also visited: Gauntlet.

You collected 866 gold pieces.
You spent 260 gold pieces at shops.

Inventory:

Hand Weapons
 s - a +1 battleaxe of freezing
   (You took it off a wight on level 12 of the Dungeon)
 E - the +6 battleaxe of Vengeance (weapon) {flame, MR+ MP+9}
   (You took it off a minotaur in a Gauntlet)

   It has been specially enchanted to burn those struck by it, causing extra
   injury to most foes and up to half again as much damage against particularly
   susceptible opponents.
   Big, fiery blades are also staple armaments of hydra-hunters.
   It affects your resistance to hostile enchantments.
   It affects your magic capacity (+9).
Armour
 c - a +0 kite shield
 g - a +0 plate armour (worn)
   (You found it on level 4 of the Dungeon)
 j - a +2 pair of gloves (worn)
   (You found it on level 2 of the Dungeon)
 v - a +1 pair of boots (worn)
   (You found it on level 3 of the Dungeon)
 J - a scarf of cloud immunity (worn)
   (You found it on level 11 of the Dungeon)
Jewellery
 m - an uncursed ring of protection from magic
   (You took it off a minotaur in a Gauntlet)
 n - an amulet of harm (around neck)
   (You found it on level 3 of the Dungeon)
 r - the ring "Qirio" (left hand) {rF+ Str+3 Dex+4}
   (You found it in a Gauntlet)

   [ring of protection from fire]

   It affects your strength (+3).
   It affects your dexterity (+4).
   It protects you from fire.
 x - an uncursed ring of fire
   (You found it on level 2 of the Dungeon)
 F - a ring of magical power (right hand)
   (You found it in a Gauntlet)
Wands
 l - a wand of iceblast (13)
   (You found it on level 6 of the Dungeon)
 C - a wand of paralysis (6)
   (You found it on level 13 of the Dungeon)
Scrolls
 b - 3 scrolls of remove curse
 f - 3 scrolls of fear
 p - a scroll of immolation
 t - a scroll of teleportation
 y - a scroll of enchant armour
 A - 3 scrolls of enchant weapon
 B - 2 scrolls of magic mapping
 D - a scroll of silence
Potions
 a - a potion of resistance {unknown}
 d - a potion of might
 h - 2 potions of magic
 i - 2 potions of flight
 k - 4 potions of brilliance
 o - 2 potions of cancellation
 q - a potion of curing
 w - a potion of heal wounds
 z - a potion of ambrosia {unknown}
 I - a potion of haste {unknown}
Comestibles
 e - 17 rations
 u - 2 chunks of flesh


   Skills:
 + Level 8.8(7.9) Fighting
 * Level 13.6(12.5) Axes
 + Level 10.4(9.4) Armour
 - Level 9.9(8.9) Shields
 + Level 7.2(6.3) Invocations


You had 11 spell levels left.
You didn't know any spells.
Your spell library was empty.

Dungeon Overview and Level Annotations

Branches:
Dungeon (13/15)            Temple (1/1) D:7            Lair (0/6) D:10
    Orc (0/2) D:9         Gauntlet (visited)
 Vaults: D:13-14

Altars:
Ashenzari
Cheibriados
Dithmenos
Elyvilon
Fedhas
Gozag
Hepliaklqana
Kikubaaqudgha
Makhleb
Nemelex Xobeh
Okawaru
Qazlal
Ru
Sif Muna
Trog
Uskayaw
Vehumet
Wu Jian
Xom
Yredelemnul
Zin
The Shining One

Shops:
D:8 ?   D:9 %   D:13 (

Annotations:
D:6 3 runed translucent doors, drasked's ghost, novice DEWz


Innate Abilities, Weirdness & Mutations

You are resistant to damage.
You can heal yourself by infusing magical energy.
You passively map the area around you.
You do not regenerate.
You are frail. (-10% HP)
Potions are less effective at restoring your health.


Message History

You are too injured to fight recklessly!
You are too injured to fight recklessly!
You are too injured to fight recklessly!
You are too injured to fight recklessly!
You are too injured to fight recklessly!
You are too injured to fight recklessly!
You are too injured to fight recklessly!
You are too injured to fight recklessly!
You are too injured to fight recklessly!
You are too injured to fight recklessly!
You are too injured to fight recklessly!
You are too injured to fight recklessly!
You are too injured to fight recklessly!
You are too injured to fight recklessly!
You are too injured to fight recklessly!
You are too injured to fight recklessly!
You slash the cyclops! You burn the cyclops.
The cyclops is moderately wounded.
The cyclops hits you!!
You die...

* , ,#..##.####.......########'#.
* ##..##.#...###............... ,
,#......#.#.#.#.#............. ,
#......'.#.#.#.#.............
#......#.#.#.#.#.####+####### * ,
##...###...#.(...#........# #(
..#...#....##.#...#........#
#..#.#...#.##.#.(#...#........##
#..#.#...#.##.#.@#...#.........#
#..#.#...#....#C.#.#.#(<.......#
#....#####....+.##...#######'####
#...........###.*###...>........#
#.#.........#,.. #............#
#.....####..#...####............#
#.....# #..#...#..........#....#
#..#..# #..#...#............<..#
#..#..####..#####...####.........


You could see a cyclops.

Vanquished Creatures
  A minotaur (Gauntlet)
  5 two-headed ogres
  A queen ant (Gauntlet)
  A tengu warrior (D:11)
  2 deep elf magi
  An ugly thing (D:11)
  A manticore (D:12)
  An elephant (D:10)
  A centaur zombie (D:10)
  5 trolls
  A hornet (D:10)
  3 slime creatures (D:12)
  3 hippogriffs
  A spriggan (D:12)
  4 shadows (Gauntlet)
  A vampire (D:9)
  A wyvern (D:8)
  A basilisk (D:10)
  A neqoxec (Gauntlet)
  2 hungry ghosts
  3 chaos spawn (Gauntlet)
  5 soldier ants (Gauntlet)
  2 swamp worms (Gauntlet)
  A water moccasin (D:9)
  6 ice beasts
  6 orc warriors
  4 sky beasts
  2 black bears
  4 phantoms
  A necrophage (D:10)
  7 ogres
  3 centaurs
  A crocodile (D:10)
  A big kobold (D:9)
  2 wyvern zombies
  7 bullfrogs
  5 scorpions
  9 killer bees
  2 howler monkeys
  11 wights
  2 crimson imps (D:11)
  2 bullfrog zombies
  6 hounds
  6 orc priests
  2 centaur skeletons
  7 jellies
  13 orc wizards
  3 bullfrog skeletons
  Jessica (D:3)
  Natasha (thrice) (D:2)
  A gnoll shaman (D:6)
  7 worker ants
  Terence (D:2)
  2 iguanas
  Ijyb (D:3)
  A hound skeleton (D:11)
  A hound zombie (D:7)
  8 gnolls
  14 adders
  A shadow imp (D:8)
  3 oozes
  4 adder zombies
  4 leopard geckos
  49 orcs
  7 giant cockroaches
  6 goblins
  4 hobgoblins
  23 jackals
  6 quokkas
  A ball python (D:1)
  9 bats
  8 frilled lizards
  A jackal skeleton (D:4)
  14 kobolds
  A leopard gecko skeleton (D:6)
  A quokka skeleton (D:9)
  16 rats
  A plant (Gauntlet)
359 creatures vanquished.

Vanquished Creatures (others)
  An orc priest (D:6)
  An orc wizard (D:9)
  3 orcs (D:6)
  3 fungi (Gauntlet)
  9 plants
17 creatures vanquished.

Grand Total: 376 creatures vanquished

Notes
Turn   | Place    | Note
-------+----------+-------------------------------------------
     0 | D:1      | Flugslaktarn the Deep Dwarf Fighter began the quest for the
                  | Orb.
     0 | D:1      | Reached XP level 1. HP: 20/20 MP: 1/1
   120 | D:1      | Reached XP level 2. HP: 21/27 MP: 2/2
   331 | D:2      | Noticed Terence
   334 | D:2      | Reached skill level 3 in Axes
   334 | D:2      | Reached XP level 3. HP: 27/34 MP: 3/3
   337 | D:2      | Killed Terence
   351 | D:2      | Reached XP level 4. HP: 33/42 MP: 4/4
   356 | D:2      | Found a glowing golden altar of the Shining One.
   415 | D:2      | Noticed Natasha
   436 | D:2      | Killed Natasha
   455 | D:2      | Noticed a +0 dagger
   455 | D:2      | Noticed a +0 dagger
   467 | D:2      | Found a hide-covered altar of Uskayaw.
   476 | D:2      | Noticed Natasha
   485 | D:2      | Killed Natasha
   485 | D:2      | Reached skill level 4 in Axes
   485 | D:2      | Reached XP level 5. HP: 35/49 MP: 4/4
   527 | D:2      | Noticed Natasha
   536 | D:2      | Killed Natasha
   719 | D:3      | Noticed Jessica
   753 | D:3      | Killed Jessica
   753 | D:3      | Reached XP level 6. HP: 40/56 MP: 5/5
   834 | D:4      | Reached skill level 5 in Axes
  1010 | D:4      | Found a blossoming altar of Fedhas.
  1520 | D:5      | Entered Level 5 of the Dungeon
  1564 | D:5      | Reached XP level 7. HP: 32/64 MP: 5/5
  1598 | D:5      | Reached skill level 5 in Armour
  1609 | D:5      | Found a snail-covered altar of Cheibriados.
  1654 | D:5      | Reached skill level 5 in Shields
  1715 | D:5      | Reached skill level 6 in Axes
  2262 | D:5      | Reached XP level 8. HP: 44/73 MP: 5/5
  2537 | D:6      | Reached skill level 7 in Axes
  2602 | D:6      | Reached skill level 5 in Fighting
  2709 | D:6      | Found a radiant altar of Vehumet.
  2774 | D:6      | Noticed drasked's ghost (novice DEWz)
  2776 | D:6      | Found a runed translucent gate.
  2776 | D:6      | Found a runed translucent gate.
  2776 | D:6      | Found a runed translucent gate.
  2776 | D:6      | Noticed a cyclops
  3051 | D:7      | Reached skill level 8 in Axes
  3094 | D:7      | Gained mutation: You passively map the area around you.
                  | [Deep Dwarf growth]
  3094 | D:7      | Reached XP level 9. HP: 46/81 MP: 4/4
  3269 | D:7      | Reached skill level 9 in Axes
  3298 | D:7      | Found a staircase to the Ecumenical Temple.
  3473 | Temple   | Entered the Ecumenical Temple
  3902 | D:3      | Found a shimmering altar of Xom.
  3904 | D:3      | Found a shimmering altar of Xom.
  3904 | D:3      | Found a shimmering blue altar of Sif Muna.
  3906 | D:3      | Found a bloodstained altar of Trog.
  3906 | D:3      | Found a stormy altar of Qazlal.
  3906 | D:3      | Found a hide-covered altar of Uskayaw.
  3992 | D:3      | Found a faded altar of an unknown god.
  4063 | D:3      | Noticed Ijyb
  4073 | D:3      | Killed Ijyb
  4907 | D:8      | Noticed a two-headed ogre
  4919 | D:8      | Killed a two-headed ogre
  4969 | D:8      | Found Liennits's Magic Scroll Emporium.
  4978 | D:8      | Bought a scroll of blinking for 75 gold pieces
  4978 | D:8      | Bought 2 scrolls of enchant weapon for 150 gold pieces
  4978 | D:8      | Bought a scroll of magic mapping for 35 gold pieces
  5014 | D:8      | Reached skill level 10 in Axes
  5142 | D:8      | Reached XP level 10. HP: 73/92 MP: 2/2
  5676 | D:9      | Found a stormy altar of Qazlal.
  5793 | D:9      | Found an iron altar of Okawaru.
  5802 | D:9      | Reached skill level 11 in Axes
  5850 | D:9      | Found Likhlympa's Food Boutique.
  5954 | D:9      | Found a burning altar of Makhleb.
  5975 | D:9      | Became a worshipper of Makhleb the Destroyer
  6086 | D:9      | Found a staircase to the Orcish Mines.
  6156 | D:10     | Entered Level 10 of the Dungeon
  6182 | D:10     | Found a staircase to the Lair.
  6182 | D:10     | Noticed an elephant
  6202 | D:10     | Reached skill level 1 in Invocations
  6213 | D:10     | Killed an elephant
  6518 | D:10     | Reached XP level 11. HP: 28/100 MP: 1/3
  6518 | D:10     | Reached * piety under Makhleb
  6677 | D:10     | Paralysed by a hornet for 3 turns
  6688 | D:10     | Paralysed by a hornet for 1 turns
  6940 | D:11     | Noticed a tengu warrior
  6960 | D:11     | Killed a tengu warrior
  7181 | D:11     | Gained mutation: Potions are less effective at restoring
                  | your health. [potion of mutation]
  7181 | D:11     | Gained mutation: Your muscles are strong. (Str +2) [potion
                  | of mutation]
  7182 | D:11     | Noticed a two-headed ogre
  7193 | D:11     | Killed a two-headed ogre
  7193 | D:11     | Reached skill level 12 in Axes
  7201 | D:11     | Noticed a red ugly thing
  7223 | D:11     | Killed a red ugly thing
  7533 | D:12     | Noticed a two-headed ogre
  7550 | D:12     | Killed a two-headed ogre
  7597 | D:12     | Noticed a two-headed ogre
  7603 | D:12     | Killed a two-headed ogre
  7603 | D:12     | Reached skill level 5 in Invocations
  7671 | D:12     | Reached ** piety under Makhleb
  7789 | D:12     | Noticed a two-headed ogre
  7796 | D:12     | Killed a two-headed ogre
  8024 | D:12     | Noticed a deep elf mage
  8031 | D:12     | Reached skill level 13 in Axes
  8037 | D:12     | Killed a deep elf mage
  8037 | D:12     | Reached skill level 10 in Armour
  8037 | D:12     | Reached XP level 12. HP: 86/112 MP: 4/4
  8081 | D:13     | Found a gate leading to a gauntlet.
  8092 | Gauntlet | Entered a Gauntlet
  8092 | Gauntlet | Found a transporter.
  8092 | Gauntlet | Found a transporter.
  8101 | Gauntlet | Found a transporter.
  8117 | Gauntlet | Found a transporter.
  8126 | Gauntlet | Found a transporter.
  8141 | Gauntlet | Found a transporter.
  8151 | Gauntlet | Found a transporter.
  8157 | Gauntlet | Found a transporter.
  8157 | Gauntlet | Noticed a queen ant
  8177 | Gauntlet | Found a transporter.
  8180 | Gauntlet | Found a transporter.
  8181 | Gauntlet | Found a transporter.
  8216 | Gauntlet | Found a transporter.
  8219 | Gauntlet | Noticed a green death
  8365 | Gauntlet | Gained mutation: You are frail. (-10% HP) [a neqoxec]
  8372 | Gauntlet | HP: 3/100 [chaos spawn (7)]
  8397 | Gauntlet | Lost mutation: Your muscles are strong. (Str +2) [a
                  | neqoxec]
  8416 | Gauntlet | Got a brightly glowing iron ring
  8417 | Gauntlet | Identified the ring "Qirio" {rF+ Str+3 Dex+4} (You found it
                  | in a Gauntlet)
  8432 | Gauntlet | Killed a queen ant
  8436 | Gauntlet | Reached *** piety under Makhleb
  8506 | Gauntlet | Identified the +6 battleaxe of Vengeance {flame, MR+ MP+9}
  8506 | Gauntlet | Noticed a minotaur
  8521 | Gauntlet | Killed a minotaur
  8886 | D:13     | Found Vapsuytt's Weapon Shoppe.
  9198 | D:13     | Slain by a cyclops

Levels and vault maps discovered:
D:1:      dpeg_arrival_subterranean_lakeside_camping, layout_basic,
          roderic_malta_cross
D:2:      layout_rooms, dancing_weapons_uskayaw, nicolae_tso_carved_into_rock,
          serial_bayou_lake_a, uniq_terence, uniq_natasha
D:3:      layout_basic, doesnt_xom_only_xom,
          chequers_ecumenical_altar_simple_redux, uniq_ijyb, uniq_jessica
D:4:      layout_loops_ring, fedhas_altar_1, first_ration
D:5:      corexii_shack_village, layout_basic, kennysheep_mini
D:6:      layout_gridville, fiery_altar_vehumet, gammafunk_ghost_split
D:7:      layout_rooms, minmay_temple_entry_grid
D:8:      layout_basic, serial_shops, shop_statue
D:9:      layout_rooms, bloody_makhleb, okawaru_ov_weapons_minmay,
          nicolae_qazlal_general_emergency, david_orc_4, serial_shops,
          nicolae_shop_temple_entry_statues_fountains
D:10:     layout_roguey, david_lair_generic
D:11:     layout_cave_pools
D:12:     layout_rooms, the_bakery
D:13:     layout_stronghold, serial_shops, shop, gauntlet_entry_generic
Temple:   oiseaux_autumnal_temple

Skill      XL: |  1  2  3  4  5  6  7  8  9 10 11 12 |
---------------+-------------------------------------+-----
Fighting       | 3 4 5 6 7 8 |  8.8
Axes           | 3 4 5 6 8 10 11 13 | 13.6
Shields        | 4 5 6 7 9 |  9.9
Armour         | 4 5 6 7 8 10 | 10.4
Invocations    | 2 6 7 |  7.2

Action                   |  1- 3 |  4- 6 |  7- 9 | 10-12 || total
-------------------------+-------+-------+-------+-------++-------
Melee: War axe           |    97 |   246 |   513 |   594 ||  1450
       Battleaxe         |       |       |       |    90 ||    90
       Unarmed           |       |       |       |     3 ||     3
 Abil: Heal Wounds       |       |     6 |    20 |    37 ||    63
Evoke: Wand              |       |       |       |     6 ||     6
  Use: Scroll            |       |     3 |     5 |    12 ||    20
       Potion            |       |     1 |       |    14 ||    15
 Stab: Sleeping          |       |       |       |     4 ||     4
       Invisible         |       |       |       |     1 ||     1
  Eat: Chunk             |       |     3 |    10 |    15 ||    28
       Ration            |       |       |     2 |     2 ||     4
Armor: Scale mail        |    91 |    61 |       |       ||   152
       Plate armour      |       |    81 |   361 |   413 ||   855
       Skin              |       |       |       |    21 ||    21
Dodge: Dodged            |    58 |    61 |   108 |   164 ||   391
Block: Kite shield       |    81 |   121 |   348 |   387 ||   937

Table legend:
 A = Non-vault XP
 B = Vault XP
 C = Vault XP percentage of total XP
 D = Non-vault monster count
 E = Vault monster count
 F = Vault count percentage of total count
                 A         B        C        D         E       F
            +---------+---------+-------+---------+---------+-------
      Total |   20721 |    6989 |  25.2 |     307 |      52 |  14.5
            +---------+---------+-------+---------+---------+-------
        D:1 |      30 |       5 |  14.3 |      20 |       4 |  16.7
        D:2 |     215 |      73 |  25.3 |      23 |       2 |   8.0
        D:3 |     106 |      70 |  39.8 |      15 |       2 |  11.8
        D:4 |     301 |       0 |   0.0 |      26 |       0 |   0.0
        D:5 |     804 |      15 |   1.8 |      21 |       7 |  25.0
        D:6 |     842 |       0 |   0.0 |      42 |       0 |   0.0
        D:7 |    1207 |       0 |   0.0 |      22 |       0 |   0.0
        D:8 |    2418 |       0 |   0.0 |      30 |       0 |   0.0
        D:9 |    1751 |     736 |  29.6 |      25 |      15 |  37.5
       D:10 |    1911 |    1058 |  35.6 |      24 |       4 |  14.3
       D:11 |    3754 |       0 |   0.0 |      23 |       0 |   0.0
       D:12 |    6713 |     215 |   3.1 |      33 |       1 |   2.9
       D:13 |     669 |       0 |   0.0 |       3 |       0 |   0.0
   Gauntlet |       0 |    4817 | 100.0 |       0 |      17 | 100.0
            +---------+---------+-------+---------+---------+-------
